 Dungeon Crawl Stone Soup version 0.21.1-1-g345015f (webtiles) character file.

144 troglodite the Skirmisher (level 5, 0/42 HPs)
             Began as a Demonspawn Berserker on May 6, 2018.
             Was a Priest of Trog.
             Slain by a scorpion (8 damage)
             ... on level 4 of the Dungeon.
             The game lasted 00:07:48 (2321 turns).

troglodite the Skirmisher (Demonspawn Berserker)    Turns: 2321, Time: 00:07:49

Health: 0/42       AC:  7    Str: 17    XL:     5   Next: 5%
Magic:  5/5        EV: 11    Int:  8    God:    Trog [***...]
Gold:   161        SH:  0    Dex: 14    Spells: 4/4 levels left

rFire    . . .     SeeInvis +   e - +2 dagger (freeze)
rCold    . . .     Gourm    .   (no shield)
rNeg     . . .     Faith    .   h - +0 ring mail
rPois    .         Spirit   .   (no helmet)
rElec    .         Reflect  .   (no cloak)
rCorr    .         Harm     .   (no gloves)
MR       .....                  (no boots)
Stlth    ..........             (no amulet)
HPRegen  0.14/turn              o - ring of see invisible
MPRegen  0.09/turn              (no ring)

@: confused, lethally poisoned (0 -> -7), berserk cooldown, slowed, very slow
A: talons 1, yellow scales 1
a: Berserk, Trog's Hand, Burn Spellbooks, Renounce Religion


You were on level 4 of the Dungeon.
You worshipped Trog.
Trog was most pleased with you.
You were very hungry.

You visited 1 branch of the dungeon, and saw 4 of its levels.

You collected 161 gold pieces.

Inventory:

Hand Weapons
 a - a +0 falchion
 e - a +2 dagger of freezing (weapon)
Armour
 h - a +0 ring mail (worn)
Jewellery
 o - a ring of see invisible (left hand)
 p - an uncursed ring of stealth {unknown}
Scrolls
 b - a scroll of magic mapping {unknown}
 d - a scroll of enchant weapon {unknown}
 f - 4 scrolls of remove curse {unknown}
 g - 2 scrolls of identify {unknown}
 n - 2 scrolls of teleportation {unknown}
 q - a scroll of immolation {unknown}
Potions
 i - a potion of degeneration {unknown}
 j - a potion of ambrosia
 k - a potion of curing {unknown}
 l - a potion of lignification {unknown}
 m - a potion of heal wounds {unknown}
Comestibles
 c - 3 rations


   Skills:
 * Level 3.8 Fighting
 + Level 1.2(2.3) Short Blades
 + Level 3.1(3.2) Long Blades
 * Level 3.3 Armour
 * Level 2.3 Dodging


You had 4 spell levels left.
You didn't know any spells.

Dungeon Overview and Level Annotations

Branches:
Dungeon (4/15)
 Temple: D:4-7

Altars:
Gozag
Okawaru
Vehumet
The Shining One


Innate Abilities, Weirdness & Mutations

You have sharp toenails.
You are partially covered in yellow scales. (AC +2)


Message History

The gnoll is almost dead.
You feel sick. The gnoll hits you with a halberd. The scorpion stings you.
You are more poisoned.
The scorpion poisons you!
You feel sick. The gnoll hits you but does no damage.
Things that are here:
a whip; a spear; a gnoll corpse You feel sick.
The gnoll completely misses you.
The scorpion stings you but does no damage.
The gnoll hits you from afar with a halberd!
* * * LOW HITPOINT WARNING * * *
* * * LOW HITPOINT WARNING * * *
You feel sick.
You see here an adder corpse.
It was a potion of ambrosia.
You are confused.
You feel invigorated.
You feel sick. The scorpion stings you.
* * * LOW HITPOINT WARNING * * *
The gnoll closely misses you. The scorpion stings you!
You die...

........#
#......#
#......#
#......#
#......#
#......#
######g# #s#
#@# #.# #.#
#.# #.# #
######.####.#
#....<......#
#..........##
#..........#


You could see a scorpion and a gnoll.

Vanquished Creatures
  A worker ant (D:3)
  2 adders
  2 gnolls (D:4)
  An adder skeleton (D:4)
  A leopard gecko (D:3)
  3 orcs
  A ball python (D:2)
  3 giant cockroaches
  9 goblins
  5 hobgoblins
  14 jackals
  6 kobolds
  A quokka (D:2)
  16 bats
  2 frilled lizards
  2 rats
69 creatures vanquished.

Notes
Turn   | Place    | Note
-------+----------+-------------------------------------------
     0 | D:1      | troglodite the Demonspawn Berserker began the quest for the Orb.
     0 | D:1      | Reached XP level 1. HP: 18/18 MP: 1/1
   304 | D:1      | Gained mutation: You have sharp toenails. [demonic ancestry]
   304 | D:1      | Reached XP level 2. HP: 23/24 MP: 2/2
   698 | D:2      | Reached ** piety under Trog
   698 | D:2      | Reached XP level 3. HP: 29/29 MP: 3/3
   821 | D:2      | Found an opulent altar of Gozag.
   840 | D:2      | Found a glowing golden altar of the Shining One.
  1199 | D:2      | Found a radiant altar of Vehumet.
  1285 | D:2      | Found an iron altar of Okawaru.
  1578 | D:3      | Reached skill level 1 in Short Blades
  1653 | D:3      | Reached XP level 4. HP: 26/37 MP: 4/4
  1925 | D:3      | Reached *** piety under Trog
  2313 | D:4      | Gained mutation: You are partially covered in yellow scales. (AC +2) [demonic ancestry]
  2313 | D:4      | Reached XP level 5. HP: 42/42 MP: 5/5
  2321 | D:4      | Slain by a scorpion

Skill      XL: |  1  2  3  4 |
---------------+-------------+-----
Dodging        | 2 |  2.3
Long Blades    | 3 |  3.1
Armour         | 2 3 |  3.3
Short Blades   | 1 |  1.2
Fighting       | |  3.8

Action                   |  1- 3 |  4- 6 || total
-------------------------+-------+-------++-------
Melee: Dagger            |   105 |    47 ||   152
       Falchion          |     5 |       ||     5
       Kick              |    20 |    11 ||    31
Invok: Berserk           |     2 |     1 ||     3
  Use: Potion            |       |     1 ||     1
  Eat: Chunk             |     3 |     3 ||     6
Armor: Ring mail         |    38 |    20 ||    58
Dodge: Dodged            |    75 |    28 ||   103
       Rpst.: Falchion   |     2 |       ||     2
